Map: Prion Terraces

Players

Ashaeden - Winner!

  • Race: Zerg Zerg
  • League: Grandmaster

Pokebunny

  • Race: Terran Terran
  • League: Grandmaster

VOD

Have the link to the VOD?

Description

Time

  • Played on: April 5, 2016, 11:12 p.m.
  • Length: 11:08
Show
View Real Time Build Order
Export as new Build Order

Ashaeden Zerg - Winner!

Build Orders: Pool First, Muta Ling Bane 

Get SALT Encoding   

  12  0:01  Drone  
  13  0:09  Drone  
  14  0:16  Drone, Extractor  
  15  0:22  Overlord  
  15  0:40  Drone x2  
  17  0:44  Drone, Extractor  
  17  0:50  Spawning Pool  
  17  0:57  Drone  
  17  1:19  Overlord  
  17  1:32  Hatchery  
  16  1:37  Zergling x4  
  16  1:38  Zergling x2  
  19  1:45  Queen  
  21  1:52  Metabolic Boost  
  21  1:58  Drone  
  22  2:04  Drone  
  23  2:12  Drone  
  24  2:21  Queen  
  24  2:22  Zergling x2  
  27  2:43  Drone x2  
  29  2:49  Queen  
  31  2:53  Drone x3  
  33  3:03  Drone x2  
  33  3:09  Drone x2  
  33  3:11  Lair  
  35  3:18  Drone  
  35  3:19  Overlord  
  35  3:36  Overlord  
  35  3:39  Hatchery  
  35  3:41  Drone x4  
  35  3:42  Drone  
  35  3:44  Extractor  
  35  3:45  Extractor  
  35  3:46  Extractor  
  35  3:47  Drone  
  37  3:50  Drone x2  
  37  3:54  Overlord  
  39  3:58  Overlord  
  39  4:07  Overlord  
  39  4:08  Drone  
  39  4:09  Drone x2  
  42  4:11  Drone x2  
  42  4:13  Drone  
  42  4:17  Drone x2  
  46  4:20  Drone  
  46  4:22  Drone  
  49  4:31  Spire  
  48  4:37  Overlord  
  48  4:40  Baneling Nest  
  48  4:43  Zergling x4  
  48  4:44  Zergling x2  
  50  4:49  Drone  
  50  4:50  Drone  
  50  4:51  Drone x2  
  50  4:52  Drone  
  55  4:56  Overlord  
  55  5:03  Zergling x4  
  57  5:13  Zergling x2  
  57  5:14  Zergling x8  
  62  5:26  Zergling x6  
  62  5:28  Baneling x3  
  64  5:29  Zergling x8, Baneling  
  64  5:30  Zergling x6  
  64  5:32  Baneling x2  
  71  5:42  Mutalisk x4  
  71  5:43  Mutalisk x2  
  71  5:46  Mutalisk  
  71  5:49  Mutalisk  
  80  6:02  Drone x6, Queen  
  81  6:09  Baneling x2  
  81  6:10  Centrifical Hooks  
  81  6:12  Zergling x2  
  82  6:21  Baneling x5  
  82  6:22  Zergling x8  
  82  6:24  Drone  
  88  6:25  Drone  
  88  6:26  Drone  
  88  6:33  Overlord  
  88  6:41  Drone x2  
  90  6:52  Evolution Chamber  
  89  6:55  Evolution Chamber  
  89  6:58  Drone x2  
  89  6:59  Overlord x2  
  89  7:00  Extractor  
  89  7:01  Drone x2, Extractor  
  89  7:02  Overlord x2  
  90  7:17  Queen, Hatchery  
  90  7:18  Drone  
  90  7:19  Drone x2  
  90  7:20  Drone x4  
  90  7:21  Drone x2  
  100  7:26  Mutalisk x2  
  100  7:27  Mutalisk x2  
  108  7:33  Zerg Melee Weapons Level 1  
  108  7:35  Zerg Ground Armor Level 1  
  108  7:38  Mutalisk  
  108  7:40  Mutalisk  
  108  7:42  Mutalisk  
  112  7:52  Mutalisk  
  112  7:53  Mutalisk  
  112  7:57  Drone  
  112  7:58  Drone  
  118  8:04  Zerg Flyer Weapons Level 1  
  118  8:05  Mutalisk  
  118  8:06  Overlord x2  
  118  8:07  Overlord x3  
  118  8:09  Overseer  
  118  8:12  Extractor  
  119  8:15  Zergling x2, Extractor  
  119  8:16  Zergling x6  
  122  8:24  Overlord x2  
  114  8:39  Zergling x2  
  114  8:40  Zergling x18  
  120  8:43  Baneling x12  
  120  8:44  Baneling x9  
  120  8:46  Drone x3  
  123  8:51  Mutalisk  
  123  8:53  Mutalisk  
  123  8:55  Zergling x8  
  131  8:57  Zergling x2  
  131  8:58  Zergling x2  
  133  9:09  Zergling x10  
  138  9:10  Zergling x4  
  138  9:20  Mutalisk  
  138  9:21  Mutalisk x4  
  120  9:32  Mutalisk x2  
  120  9:34  Zergling x2  
  120  9:35  Zergling x8  
  115  9:49  Zergling x2  
  115  9:50  Zergling x10  
  121  9:57  Zergling x6  
  121  9:59  Baneling  
  124  10:00  Baneling x9  
  124  10:02  Zergling x4  
  124  10:05  Zergling x2  
  124  10:06  Zergling x2  
  128  10:12  Hatchery  
  125  10:17  Mutalisk x4  
  125  10:19  Zergling x4  
  133  10:32  Zergling x2  
  133  10:33  Zergling x16  
  142  10:46  Baneling x24  
  142  10:47  Zergling x2  
  142  10:48  Zergling x2  
  144  10:51  Drone  
  144  10:52  Drone  
  144  10:55  Drone x3  
Show
View Real Time Build Order
Export as new Build Order

Pokebunny Terran 

Build Orders: Reaper Expand, Bio Tank 

Get SALT Encoding   

  12  0:02  SCV  
  14  0:14  SCV  
  14  0:17  Supply Depot  
  14  0:26  SCV  
  15  0:39  SCV  
  15  0:41  Barracks  
  16  0:45  Refinery  
  16  0:51  SCV  
  17  1:03  SCV  
  18  1:15  SCV  
  19  1:28  Orbital Command  
  19  1:29  Reaper  
  20  1:38  Command Center  
  20  1:53  SCV  
  21  1:55  Supply Depot  
  21  2:02  Barracks Reactor  
  21  2:03  Barracks  
  21  2:06  SCV  
  22  2:14  Barracks  
  22  2:18  SCV  
  23  2:25  Refinery  
  23  2:35  SCV  
  24  2:39  Marine x2  
  25  2:47  SCV  
  25  3:00  SCV  
  26  3:06  Barracks Tech Lab, Marine x2  
  26  3:07  Marine  
  26  3:08  Factory  
  30  3:12  SCV  
  30  3:17  Orbital Command  
  30  3:25  Marine, SCV  
  31  3:34  Marine  
  31  3:35  Marine x2  
  31  3:36  Stimpack  
  31  3:39  SCV  
  35  3:43  SCV  
  36  3:51  Supply Depot  
  36  3:52  Supply Depot  
  36  3:55  Starport  
  36  3:57  Factory Reactor  
  36  3:59  Marine  
  36  4:00  Marine  
  38  4:03  Marine  
  38  4:07  SCV x2  
  38  4:09  Marine  
  42  4:14  Bunker  
  42  4:20  SCV x2  
  44  4:26  Supply Depot  
  44  4:27  Marine x4  
  48  4:39  SCV x2  
  48  4:40  Factory Tech Lab  
  48  4:42  Medivac x2  
  48  4:45  Marine x4  
  57  4:50  Supply Depot  
  58  4:53  SCV x2  
  60  5:01  Siege Tank  
  63  5:08  Command Center  
  63  5:10  Barracks Reactor  
  63  5:16  Marine x3  
  63  5:21  Medivac  
  68  5:27  SCV x2  
  70  5:34  Siege Tank  
  73  5:35  Marine  
  73  5:36  Marine x2  
  73  5:37  Refinery x2  
  73  5:41  Supply Depot  
  73  5:42  Supply Depot  
  76  5:53  Marine  
  65  6:05  Combat Shields  
  65  6:07  Barracks, Engineering Bay  
  65  6:08  Siege Tank, Engineering Bay  
  65  6:09  Barracks, Marine  
  65  6:10  Marine x3  
  72  6:11  Marine  
  72  6:13  Barracks  
  72  6:18  Supply Depot, SCV  
  74  6:24  SCV  
  76  6:27  Orbital Command  
  70  6:36  Missile Turret  
  70  6:41  Missile Turret  
  62  6:47  Siege Tank  
  62  6:49  Missile Turret  
  65  6:55  Barracks Reactor  
  65  6:56  Marine  
  65  6:57  Marine x4  
  65  7:00  Orbital Command  
  65  7:01  Barracks Reactor  
  69  7:03  SCV x2  
  71  7:15  SCV x2  
  73  7:17  Terran Infantry Weapons Level 1  
  73  7:18  Terran Infantry Armor Level 1  
  73  7:20  Marine x3  
  76  7:25  SCV  
  76  7:27  Missile Turret x2  
  76  7:28  Siege Tank, Marine  
  81  7:31  Medivac  
  81  7:34  Medivac  
  85  7:37  SCV x2  
  85  7:38  SCV  
  85  7:40  Supply Depot  
  86  7:52  Marine  
  86  7:53  Marine x6  
  86  7:58  SCV x2, Missile Turret  
  93  7:59  SCV  
  93  8:02  Siege Tank, Marine x2  
  98  8:10  Marine x2  
  98  8:11  Armory, Marine x3, Supply Depot  
  103  8:18  Medivac x2  
  107  8:21  Supply Depot  
  104  8:36  Marine x2  
  104  8:37  Marine x6  
  108  8:45  SCV x3  
  108  8:47  Refinery  
  111  8:48  Siege Tank  
  111  8:49  Marine  
  111  8:54  Marine, Medivac  
  111  8:55  Medivac  
  120  9:09  Marine  
  121  9:10  Marine x7  
  121  9:12  Marine  
  129  9:18  SCV x3  
  129  9:20  Siege Tank  
  94  9:32  Marine x6  
  94  9:34  Medivac x2  
  90  9:47  Marine x2  
  86  9:52  Barracks  
  86  9:53  Barracks  
  86  9:54  Barracks  
  86  9:58  SCV x3  
  89  10:01  Siege Tank, Marine  
  93  10:10  SCV  
  93  10:13  Command Center  
  94  10:16  Marine  
  94  10:17  Marine x4  
  97  10:22  Starport Reactor  
  93  10:30  Starport Reactor  
  86  10:36  Missile Turret x3  
  71  10:44  SCV x3  
  71  10:49  Missile Turret  
  74  11:00  Factory Tech Lab  
  74  11:01  Barracks Reactor, Barracks Tech Lab x2  
Tags
 
Add a new tag
Caveats
  • Supply blocks, unpowered buildings, or Contaminate may cause inaccurate times.
  • Supply counts are checked every 10 seconds.